 Dungeon Sprint DCSS version 0.27-a0-1154-gfdeffcb720 (webtiles) character file.

Game seed: 1804655921004629605

2103 mhtbhm the Thaumaturge (level 9, -16/49 HPs)
             Began as a Deep Elf Fire Elementalist on May 15, 2021.
             Was the Champion of Vehumet.
             Demolished by a bog body (29 damage)
             ... in the Dungeon (Sprint VII: "The Pits").
             The game lasted 00:05:24 (2229 turns).

mhtbhm the Thaumaturge (Deep Elf Fire Elementalist) Turns: 2229, Time: 00:05:25

Health: -16/49     AC:  6    Str:  8    XL:     9   Next: 7%
Magic:  15/28      EV: 16    Int: 24    God:    Vehumet [******]
Gold:   0          SH:  0    Dex: 15    Spells: 21/35 levels left

rFire    . . .     SeeInvis .   k - +2 quarterstaff (speed)
rCold    . . .     Faith    .   (shield currently unavailable)
rNeg     . . .     Spirit   .   a - +0 robe
rPois    .         Reflect  .   (no helmet)
rElec    .         Harm     .   (no cloak)
rCorr    .         Rampage  .   (no gloves)
Will     .....     NoTele   +   m - +0 pair of boots
Stlth    +++.......             (no amulet)
HPRegen  0.16/turn              j - +3 ring of strength
MPRegen  0.21/turn              l - +3 ring of protection

@: slowed, very slow
A: no striking features
a: Renounce Religion


You were in the Dungeon.
You worshipped Vehumet.
Vehumet was exalted by your worship.
You visited 1 branch

Inventory:

Hand Weapons
 k - a +2 quarterstaff of speed (weapon)
Armour
 a - a +0 robe (worn)
 m - a +0 pair of boots (worn)
Jewellery
 j - a +3 ring of strength (left hand)
 l - a +3 ring of protection (right hand)
Scrolls
 h - a scroll of blinking
 i - 5 scrolls of amnesia
Potions
 b - 2 potions of invisibility
 c - 11 potions of curing
 d - 4 potions of heal wounds
 e - a potion of haste
 f - 2 potions of magic
 g - 3 potions of berserk rage


   Skills:
 + Level 2.4 Fighting
 + Level 9.0 Dodging
 + Level 5.1 Stealth
 + Level 13.7 Spellcasting
 + Level 10.0 Conjurations
 + Level 13.2 Fire Magic
 + Level 2.2 Ice Magic


You had 21 spell levels left.
You knew the following spells:

 Your Spells              Type           Power      Damage    Failure   Level
a - Foxfire               Conj/Fire      100%       2x1d9     1%          1
b - Freeze                Ice            100%       1d11      1%          1
c - Inner Flame           Hex/Fire       48%        N/A       1%          3
d - Sticky Flame          Conj/Fire      64%        2d8       1%          4
e - Fireball              Conj/Fire      32%        3d14      1%          5

Your spell library contained the following spells:

 Spells                   Type           Power      Damage    Failure   Level
 Spellforged Servitor     Conj/Summ      20%        N/A       65%         7
 Conjure Flame            Conj/Fire      64%        6-21      1%          3


Dungeon Overview and Level Annotations

Branches:
Dungeon (1/1)

Altars:
Ashenzari
Cheibriados
Dithmenos
Elyvilon
Fedhas
Gozag
Hepliaklqana
Kikubaaqudgha
Makhleb
Nemelex Xobeh
Okawaru
Qazlal
Ru
Sif Muna
Trog
Uskayaw
Vehumet
Wu Jian
Xom
Yredelemnul
Zin
The Shining One
Beogh
Jiyva
Lugonu


Message History

You feel yourself slow down.
A red devil comes into view. It is wielding a +0 trident.
Unknown command.
Unknown command.
The bog body burns! x2; The bog body stops burning.
The ice devil burns! x2
The bog body gestures at you while chanting.
You feel as though you will be slow longer.
The ice devil hits you! The ice devil freezes you!!
Ouch! That really hurt!
* * * LOW HITPOINT WARNING * * *
The ice devil burns!
You kill the ice devil!
Vehumet accepts your kill.
You feel your power returning.
Your Dodging skill increases to level 9!
Your Conjurations skill increases to level 10!
You have reached level 9!
Your experience leads to an increase in your attributes!
Your base attributes are Str 5, Int 23, Dex 15.
Increase (S)trength, (I)ntelligence, or (D)exterity?
You feel clever.
Unknown command.
Casting: Sticky Flame (safe; 1% risk of failure)
Confirm with . or Enter, or press ? or * to list all spells.
Aiming: Sticky Flame (safe; 1% risk of failure)
Press: ? - help, Shift-Dir - straight line, f - bog body
Aim: a bog body (severely damaged, 100% to hit)
The sticky flame hits the bog body.
The bog body resists.
The bog body is severely damaged.
The bog body is covered in liquid flames!
The bog body burns! x2
The bog body gestures at you while chanting.
You resist with significant effort. The wolf barely misses you.
You feel much better.
The bog body burns!
The wolf closely misses you. The bog body completely misses you.
The wolf bites you. The wolf bites you! The bog body touches you!
* * * LOW HITPOINT WARNING * * *
The bog body freezes you!!
Ouch! That really hurt!
You die...

####'##................##..#
)))'.##......#..#......##..#
####.##.)..............''..#
......'))..............''..######
#'#####......#..#......##...)....
#.#[[##................##...รท....
#.#))#####'#####''###############
'.#))##.......##''#
###))##.......##@h##
..#..##.......##nh.##
..#'###...<...###h..#
.....##.......# ##Z.......
.....##.......# .4###+###
#######.......# ..##
.##..###########..
..#)############.h
.##)#....#..[[###4


You could see a bog body (burning), a red devil, 3 wolves and an adder skeleton.

Vanquished Creatures
  A death yak (D)
  Joseph (D)
  An ice devil (D)
  A flying skull (D)
  A tarantella (D)
  A vampire mosquito (D)
  A floating eye (D)
  A swamp drake (D)
  A kobold brigand (D)
  4 wights (D)
  3 gnolls (D)
  An adder (D)
  An orc (D)
  A ball python (D)
  A hobgoblin (D)
  4 jackals (D)
  4 quokkas (D)
  A frilled lizard (D)
  A jackal zombie (D)
30 creatures vanquished.

Vanquished Creatures (collateral kills)
  A gnoll shaman (D)
  An adder skeleton (D)
  An endoplasm (D)
3 creatures vanquished.

Vanquished Creatures (others)
  54 foxfires (D)
54 creatures vanquished.

Grand Total: 87 creatures vanquished

Notes
Turn   | Place    | Note
-------+----------+-------------------------------------------
     0 | D        | mhtbhm the Deep Elf Fire Elementalist began the quest for
                  | the Orb.
     0 | D        | Reached XP level 1. HP: 10/10 MP: 6/6
   168 | D        | Found a bloodstained altar of Trog.
   168 | D        | Found a shimmering blue altar of Sif Muna.
   168 | D        | Found a viscous altar of Jiyva.
   168 | D        | Found a hazy altar of Hepliaklqana.
   168 | D        | Found an opulent altar of Gozag.
   169 | D        | Found a glowing golden altar of the Shining One.
   169 | D        | Found a glowing silver altar of Zin.
   169 | D        | Found a basalt altar of Yredelemnul.
   169 | D        | Found a shimmering altar of Xom.
   169 | D        | Found an ornate altar of the Wu Jian Council.
   169 | D        | Found a sacrificial altar of Ru.
   169 | D        | Found a stormy altar of Qazlal.
   169 | D        | Found an iron altar of Okawaru.
   169 | D        | Found a sparkling altar of Nemelex Xobeh.
   169 | D        | Found a burning altar of Makhleb.
   169 | D        | Found a blossoming altar of Fedhas.
   169 | D        | Found a white marble altar of Elyvilon.
   169 | D        | Found a shadowy altar of Dithmenos.
   169 | D        | Found a snail-covered altar of Cheibriados.
   171 | D        | Found a radiant altar of Vehumet.
   171 | D        | Found a corrupted altar of Lugonu.
   172 | D        | Found a hide-covered altar of Uskayaw.
   172 | D        | Found an ancient bone altar of Kikubaaqudgha.
   172 | D        | Found a broken altar of Ashenzari.
   179 | D        | Became a worshipper of Vehumet
   279 | D        | Noticed a floating eye
   285 | D        | Paralysed by a floating eye for 3 turns
   289 | D        | Paralysed by a floating eye for 4 turns
   294 | D        | Paralysed by a floating eye for 2 turns
   300 | D        | Paralysed by a floating eye for 2 turns
   305 | D        | Paralysed by a floating eye for 2 turns
   306 | D        | Killed a floating eye
   306 | D        | Reached * piety under Vehumet
   306 | D        | Offered knowledge of Freeze by Vehumet.
   307 | D        | Reached XP level 2. HP: 15/15 MP: 3/11
   307 | D        | Reached XP level 3. HP: 19/19 MP: 3/12
   307 | D        | Reached XP level 4. HP: 24/24 MP: 3/14
   309 | D        | Learned a level 1 spell: Freeze
   313 | D        | Learned a level 3 spell: Inner Flame
   318 | D        | Learned a level 4 spell: Sticky Flame
   742 | D        | Reached ** piety under Vehumet
   743 | D        | Offered knowledge of Poisonous Vapours by Vehumet.
   889 | D        | Noticed a kobold brigand
   892 | D        | Noticed a flying skull
   903 | D        | Killed a kobold brigand
   903 | D        | Offered knowledge of Stone Arrow by Vehumet.
   904 | D        | Reached skill level 5 in Dodging
   904 | D        | Reached XP level 5. HP: 28/28 MP: 4/17
   928 | D        | Killed a flying skull
   928 | D        | Reached *** piety under Vehumet
   929 | D        | Reached skill level 5 in Conjurations
   929 | D        | Reached skill level 10 in Fire Magic
   929 | D        | Reached XP level 6. HP: 13/33 MP: 14/20
   945 | D        | Reached **** piety under Vehumet
   946 | D        | Reached skill level 10 in Spellcasting
  1176 | D        | Offered knowledge of Dazzling Flash by Vehumet.
  1183 | D        | Learned a level 5 spell: Fireball
  1290 | D        | Noticed a vampire mosquito
  1292 | D        | Killed a vampire mosquito
  1292 | D        | Reached ***** piety under Vehumet
  1293 | D        | Reached skill level 1 in Fighting
  1293 | D        | Reached XP level 7. HP: 38/38 MP: 13/23
  1450 | D        | Offered knowledge of Mephitic Cloud by Vehumet.
  1556 | D        | Noticed a tarantella
  1556 | D        | Noticed a death yak
  1559 | D        | Killed a tarantella
  1569 | D        | Killed a death yak
  1569 | D        | Reached ****** piety under Vehumet
  1569 | D        | Offered knowledge of Spellforged Servitor by Vehumet.
  1570 | D        | Reached skill level 1 in Ice Magic
  1570 | D        | Reached XP level 8. HP: 21/44 MP: 1/26
  1951 | D        | Noticed Joseph
  1963 | D        | Killed Joseph
  1964 | D        | Reached skill level 5 in Stealth
  2221 | D        | Noticed an ice devil
  2222 | D        | Noticed a bog body
  2225 | D        | Noticed a red devil
  2227 | D        | Killed an ice devil
  2228 | D        | Reached skill level 10 in Conjurations
  2228 | D        | Reached XP level 9. HP: 10/49 MP: 18/28
  2229 | D        | Demolished by a bog body

Illustrated notes

Levels and vault maps discovered:
D:        pitsprint [storerooms_1, entrance_room_1, metal_vault_5, armoury_3,
          mini_pit_1, grid_room_1, main_hall_1, silver_pit, the_coven_1,
          the_vestibule_1, steel_vault_2, golden_pit, hallway_of_sentries,
          crystal_vault_6, iron_vault_3, final_vault]

Skill      XL: |  1  2  3  4  5  6  7  8 |
---------------+-------------------------+-----
Fire Magic     | 7 9 10 11 12 13 | 13.2
Dodging        | 4 5 6 8 9 |  9.0
Stealth        | 3 4 5 |  5.1
Spellcasting   | 6 8 9 10 12 13 | 13.7
Conjurations   | 2 3 5 6 8 10 | 10.0
Fighting       | 1 2 |  2.4
Ice Magic      | 1 2 |  2.2

Action                   |  1- 3 |  4- 6 |  7- 9 || total
-------------------------+-------+-------+-------++-------
Melee: Quarterstaff      |       |     1 |       ||     1
 Cast: Foxfire           |    11 |    15 |     7 ||    33
       Sticky Flame      |       |    14 |     7 ||    21
       Fireball          |       |     1 |    11 ||    12
       Freeze            |       |       |     3 ||     3
  Use: Potion            |       |     8 |     2 ||    10
       Scroll            |       |     1 |       ||     1
Armor: Robe              |       |     3 |     1 ||     4
Dodge: Dodged            |     3 |    35 |     8 ||    46

Table legend: (Time is in decaauts)
 A = Elapsed time spent in this place.
 B = Non-inter-level travel time spent in this place.
 C = Inter-level travel time spent in this place.
 D = Time resting spent in this place.
 E = Time spent auto-exploring this place.
 F = Levels seen in this place.
 G = Mean time per level.
                   A        B        C        D        E       F      G
               +--------+--------+--------+--------+--------+-----+--------+
         Total |   2228 |   2228 |      0 |   1617 |     31 |   1 | 2228.0 |
       Dungeon |   2228 |   2228 |      0 |   1617 |     31 |   1 | 2228.0 |
               +--------+--------+--------+--------+--------+-----+--------+

Top non-repeatable levels by time:
       D: 2228 daAuts
